 Dungeon Crawl Stone Soup version 0.27-a0-1500-g450c7e4133 (webtiles) character file.

Game seed: 2991992122148694464

4 ubername the Stinger (level 1, 0/13 HPs)
             Began as a Barachi Venom Mage on July 7, 2021.
             Slain by a bat (1 damage)
             ... on level 1 of the Dungeon.
             The game lasted 00:00:35 (85 turns).

ubername the Stinger (Barachi Venom Mage)             Turns: 85, Time: 00:00:36

Health: 0/13       AC:  2    Str:  9    XL:     1   Next: 70%
Magic:  1/3        EV: 12    Int: 15    God:
Gold:   0          SH:  0    Dex: 12    Spells: 3/4 levels left

rFire    . . .     SeeInvis .   b - +0 club
rCold    . . .     Faith    .   (no shield)
rNeg     . . .     Spirit   .   a - +0 robe
rPois    .         Reflect  .   (no helmet)
rElec    .         Harm     .   (no cloak)
rCorr    .         Rampage  .   (no gloves)
Will     .....                  (no boots)
Stlth    ++........             (no amulet)
HPRegen  0.04/turn              (no ring)
MPRegen  0.08/turn              (no ring)

@: slow
A: amphibious, slowness 1, strong legs 1, +LOS
a: Hop


You were on level 1 of the Dungeon.
You visited 1 branch of the dungeon, and saw 1 of its levels.

Inventory:

Hand Weapons
 b - a +0 club (weapon)
Armour
 a - a +0 robe (worn)


   Skills:
 + Level 2.3 Dodging
 + Level 1.7 Stealth
 + Level 2.3 Spellcasting
 + Level 1.1 Transmutations
 + Level 3.4 Poison Magic


You had 3 spell levels left.
You knew the following spells:

 Your Spells              Type           Power      Damage    Failure   Level
a - Sting                 Tmut/Pois      32%        1d4       9%          1

Your spell library contained the following spells:

 Spells                   Type           Power      Damage    Failure   Level
 Poisonous Vapours        Pois/Air       12%        N/A       16%         2
 Mephitic Cloud           Conj/Pois/Air  5%         N/A       38%         3
 Olgreb's Toxic Radiance  Pois           12%        N/A       45%         4


Dungeon Overview and Level Annotations

Branches:
Dungeon (1/15)

Altars:


Innate Abilities, Weirdness & Mutations

You are amphibious.
You cover ground slowly.
You can hop short distances.
You have an extended range of vision and can be seen from far away.


Message History

You hit the bat but do no damage. The bat barely misses you.
The hobgoblin hits you.
You hit the bat.
The bat is moderately wounded.
The bat barely misses you. The hobgoblin misses you. The bat barely misses you.
The hobgoblin closely misses you.
Casting: Sting (safe; 9% risk of failure)
Confirm with . or Enter, or press ? or * to list all spells.
Aiming: Sting (safe; 9% risk of failure)
Press: ? - help, Shift-Dir - straight line, f - hobgoblin
Aim: a hobgoblin (68% to hit)
You miscast Sting.
You are very lightly contaminated with residual magic.
Nothing appears to happen.
The bat hits you. The bat hits you but does no damage.
The hobgoblin hits you but does no damage.
Casting: Sting (safe; 9% risk of failure)
Confirm with . or Enter, or press ? or * to list all spells.
Aiming: Sting (safe; 9% risk of failure)
Press: ? - help, Shift-Dir - straight line, f/p - hobgoblin
Aim: a hobgoblin (68% to hit)
The sting hits the hobgoblin but does no damage.
The hobgoblin is poisoned.
The bat closely misses you. The hobgoblin hits you.
* * * LOW HITPOINT WARNING * * *
You completely miss the hobgoblin.
The hobgoblin is moderately wounded.
The bat barely misses you. The hobgoblin barely misses you.
You kill the hobgoblin!
The bat hits you.
* * * LOW HITPOINT WARNING * * *
The bat closely misses you. The bat closely misses you.
Your magical contamination has completely faded away.
You hit the bat.
The bat is severely wounded.
The bat hits you but does no damage.
You hit the bat but do no damage.
The bat is severely wounded.
The bat hits you.
You die...

# ............# #
.........#.# #
#######..#J# ###### #
##.#.# #....##### # #...#
#..8...8.# #
##.†###.8.÷..... #
#.>........÷... #
#######b....÷÷..
#.....@..÷......
#.######8÷....._
###########.##############
.......†............
###################.


You could see a bat.

Vanquished Creatures
  A giant cockroach (D:1)
  A goblin (D:1)
  A hobgoblin (D:1)
  A ball python (D:1)
4 creatures vanquished.

Notes
Turn   | Place    | Note
-------+----------+-------------------------------------------
     0 | D:1      | ubername the Barachi Venom Mage began the quest for the
                  | Orb.
     0 | D:1      | Reached XP level 1. HP: 13/13 MP: 3/3
    61 | D:1      | Found a faded altar of an unknown god.
    85 | D:1      | Slain by a bat

Illustrated notes

Levels and vault maps discovered:
D:1:      mainiacjoe_arrival_reflecting_pool, layout_basic,
          shapermc_ecumenical_altar_pompeii, serial_glass, glass_columns_c,
          glass_columns_b

Action                   || total
-------------------------++-------
Melee: Club              ||     6
 Cast: Sting             ||     4
Armor: Robe              ||     7
Dodge: Dodged            ||    18

Table legend: (Time is in decaauts)
 A = Elapsed time spent in this place.
 B = Non-inter-level travel time spent in this place.
 C = Inter-level travel time spent in this place.
 D = Time resting spent in this place.
 E = Time spent auto-exploring this place.
 F = Levels seen in this place.
 G = Mean time per level.
                   A        B        C        D        E       F      G
               +--------+--------+--------+--------+--------+-----+--------+
         Total |     96 |     96 |      0 |     10 |     43 |   1 |   96.0 |
       Dungeon |     96 |     96 |      0 |     10 |     43 |   1 |   96.0 |
               +--------+--------+--------+--------+--------+-----+--------+

Top non-repeatable levels by time:
     D:1: 96 daAuts
